AoeStats
← Malelf

Arabia

507242921Analyzed
1v1 RM · 16d ago on Sep 17, 2026· 40m 28s· 2 players
Game mode
Random Map
Map size
Tiny (2 player)
Population
200
Speed
Normal
Resources
Standard
Victory
Conquest
Starting age
Dark Age
Ending age
Imperial Age
RankedLock teamsTeams togetherTeam positionsShared explorationLock speedFull tech treeHidden civsTurbo modeCheats
Victory
Defeat
🇮🇹 Mongols · Italy
1669
+14
🇨🇳 Chinese · China
1619
-14
SADXXX
0:28 Loom
9:19 Feudal Age
14:22 Horse Collar
16:35 Double-Bit Axe
21:59 Castle Age
20:24 Gold Mining
21:32 Fletching
23:34 Bow Saw
23:23 Bodkin Arrow
25:25 Scale Mail Armor
25:35 Forging
27:33 Chain Mail Armor
32:48 Stone Mining
33:25 Squires
33:48 Heavy Plow
36:29 Gold Shaft Mining
36:31 Stone Shaft Mining
39:47 Bodkin Arrow
Malelf
8:03 Feudal Age
8:42 Double-Bit Axe
9:31 Horse Collar
17:09 Fletching
22:02 Castle Age
20:19 Gold Mining
22:05 Wheelbarrow
21:51 Bloodlines
22:40 Loom
23:09 Bow Saw
23:36 Heavy Plow
24:29 Scale Barding Armor
26:30 Forging
28:01 Town Watch
28:20 Bodkin Arrow
28:50 Padded Archer Armor
28:26 Crossbowman
30:19 Ballistics
30:26 Leather Archer Armor
31:24 Stone Mining
35:11 Imperial Age
33:34 Hand Cart
34:38 Masonry
34:55 Thumb Ring
36:08 Bracer
37:12 Chemistry
37:17 Chain Barding Armor
38:48 Arbalester
39:10 Elite Steppe Lancer
39:51 Husbandry
40:32 Iron Casting
Connection lost

Rejoining the realm…

Still unreachable

The connection could not be restored.

Session expired

The server has moved on; the page needs a fresh start.